AoeStats
← DAN13L

Arabia

510028048Analyzed
2v2 RM · 5d ago on Sep 29, 2026· 34m 34s· 4 players
Game mode
Random Map
Map size
Medium (4 player)
Population
200
Speed
Normal
Resources
Standard
Victory
Conquest
Starting age
Dark Age
Ending age
Imperial Age
RankedLock teamsTeams togetherTeam positionsShared explorationLock speedFull tech treeHidden civsTurbo modeCheats
Victory
Defeat
🇺🇸 Magyars · United States
1148
+12
🇺🇸 Malians · United States
1147
+12
🇲🇽 Wei · Mexico
1056
-12
🇦🇷 Persians · Argentina
1056
-12
DAN13L
6:11 Loom
8:35 Feudal Age
16:41 Double-Bit Axe
21:44 Castle Age
20:58 Double-Bit Axe
20:54 Horse Collar
22:51 Crossbowman
23:42 Fletching
24:57 Thumb Ring
26:24 Bodkin Arrow
27:46 Forging
28:05 Pikeman
34:12 Wheelbarrow
33:53 Padded Archer Armor
3ms
9:42 Feudal Age
10:06 Double-Bit Axe
12:39 Horse Collar
13:07 Loom
17:49 Wheelbarrow
20:09 Castle Age
23:51 Hand Cart
25:23 Fletching
25:33 Padded Archer Armor
27:06 Town Watch
29:50 Elite Skirmisher
33:31 Bow Saw
33:36 Bloodlines
SauceBistro
7:11 Loom
9:21 Feudal Age
10:30 Double-Bit Axe
10:27 Horse Collar
12:40 Gold Mining
15:03 Fletching
15:55 Horse Collar
17:42 Wheelbarrow
19:01 Town Watch
22:16 Castle Age
22:46 Padded Archer Armor
22:58 Crossbowman
23:43 Thumb Ring
23:35 Bodkin Arrow
28:21 Bow Saw
28:39 Leather Archer Armor
32:59 Hand Cart
33:33 Scale Mail Armor
lcross
7:11 Loom
9:40 Feudal Age
11:06 Double-Bit Axe
12:30 Horse Collar
14:48 Bloodlines
18:28 Wheelbarrow
19:07 Gold Mining
22:57 Castle Age
23:15 Fletching
23:53 Thumb Ring
23:58 Bodkin Arrow
24:45 Ballistics
25:26 Husbandry
33:37 Imperial Age
33:02 Scale Barding Armor
34:55 Chain Barding Armor
Connection lost

Rejoining the realm…

Still unreachable

The connection could not be restored.

Session expired

The server has moved on; the page needs a fresh start.